 Dungeon Crawl Stone Soup version 0.30-a0-1075-gcd70e7a56d (webtiles) character file.

Game seed: 18180039590264684671

1540 gelatine the Chopper (level 8, -5/61 HPs)
             Began as a Demonspawn Fighter on Apr 14, 2023.
             Slain by a red devil
             ... wielding a +0 trident
             ... summoned by the player character
              (13 damage)
             ... on level 5 of the Dungeon.
             The game lasted 00:15:53 (4172 turns).

gelatine the Chopper (Demonspawn Fighter)           Turns: 4172, Time: 00:15:53

Health: -5/61      AC:  9    Str: 18    XL:     8   Next: 56%
Magic:  11/11      EV: 12    Int:  9    God:
Gold:   194        SH:  5    Dex: 15    Spells: 10/12 levels left

rFire   . . .      SeeInvis +    G - +16 obsidian axe {drain, demonic, Mesm Drain Fly SInv}
rCold   . . .      Faith    .    c - +0 buckler
rNeg    + . .      Spirit   .    w - +0 robe {Will+}
rPois   +          Reflect  .    o - +1 helmet
rElec   .          Rampage  .    u - +2 ratskin cloak {*Rats rPois rN+ Str-1 Int-1 Dex+1}
rCorr   .                        B - +0 pair of gloves
Will    +....                    (no boots)
Stlth   +++                      (no amulet)
HPRegen 0.30/turn                (no ring)
MPRegen 0.12/turn                (no ring)

@: mighty, spiked, flying, mesmerised
A: claws 1, thin skeletal structure 1, ignite blood 1
a: no special abilities


You were on level 5 of the Dungeon.
You visited 1 branch of the dungeon, and saw 5 of its levels.

You collected 194 gold pieces.

Inventory:

Hand Weapons
 a - a +1 war axe
 e - a +2 hand axe of venom
 G - the +16 obsidian axe (weapon) {drain, demonic, Mesm Drain Fly SInv}
   (You found it on level 5 of the Dungeon)

   Mesm:      Its wielder is mesmerised by any visible foes, and it cannot be
   unequipped while any foes are visible.
   SInv:      It lets you see invisible.
   Fly:       It grants you flight.
   Drain:     It drains your maximum health when unequipped.
Missiles
 t - 5 javelins (quivered)
 A - 5 boomerangs
Armour
 b - a +0 scale mail
 c - a +0 buckler (worn)
 o - a +1 helmet (worn)
 q - a +0 leather armour
 u - the +2 ratskin cloak (worn) {*Rats rPois rN+ Str-1 Int-1 Dex+1}
   (You found it on level 3 of the Dungeon)

   *Rats:     When the wearer is hurt, rats may emerge from it to assist them.
   Str:       It affects your strength (-1).
   Int:       It affects your intelligence (-1).
   Dex:       It affects your dexterity (+1).
   rPois:     It protects you from poison.
   rN:        It protects you from negative energy.
 v - a +0 ring mail
 w - a +0 robe of willpower (worn)
 B - a +0 pair of gloves (worn)
 E - a +0 chain mail
Jewellery
 l - an amulet of magic regeneration
 m - a ring of fire
Wands
 p - a wand of polymorph (2)
 y - a wand of flame (17)
Scrolls
 g - a scroll of torment {unknown}
 i - a scroll of enchant weapon
 j - 4 scrolls of teleportation
 k - a scroll of noise {unknown}
 D - a scroll of blinking {unknown}
 F - a scroll of identify
Potions
 n - a potion of haste
 r - a potion of attraction
 s - a potion of flight
 x - a potion of mutation
 z - a potion of degeneration


   Skills:
 * Level 4.6 Fighting
 * Level 5.0 Axes
 * Level 3.2 Throwing
 * Level 4.4 Armour
 * Level 2.3 Dodging
 * Level 2.6 Stealth
 * Level 4.2 Shields
 * Level 2.6 Spellcasting
 * Level 1.0 Translocations
 * Level 1.0 Evocations


You had 10 spell levels left.
You knew the following spells:

 Your Spells              Type           Power      Damage    Failure   Level
a - Blink                 Tloc           6%         N/A       36%         2

Your spell library contained the following spells:

 Spells                   Type           Power      Damage    Failure   Level
 Lesser Beckoning         Tloc           6%         N/A       36%         2
 Momentum Strike          Conj/Tloc      4%         3d8       43%         2


Dungeon Overview and Level Annotations

Branches:
Dungeon (5/15)
 Temple: D:4-7

Altars:
Nemelex Xobeh
Okawaru
Yredelemnul

Shops:
D:1 (


Innate Abilities, Weirdness & Mutations

You have sharp fingernails.
You have a somewhat thin skeletal structure. (Dex +2, Stealth+)
Your demonic aura sometimes causes spilled blood to erupt in flames.


Message History

Your Evocations skill increases to level 1!
Unknown command.
The red devil barely misses you.
You closely miss the red devil.
The red devil is lightly wounded.
You slice the orc!!
You kill the orc!
The red devil hits you but does no damage.
The red devil hits you with a +0 trident!
* * * LOW HITPOINT WARNING * * *
Barbed spikes become lodged in your body.
You feel better.
Your river rat bites the red devil but does no damage.
The red devil hits your river rat with a +0 trident.
Your river rat is skewered by barbed spikes.
Unknown command.
You closely miss the red devil.
The red devil is lightly wounded.
You feel stable enough to blink again.
Your river rat misses the red devil.
The red devil hits you with a +0 trident!
* * * LOW HITPOINT WARNING * * *
Barbed spikes become lodged in your body.
You are confused.
You feel invigorated.
Your confusion fades away as the thirst for blood takes over your mind.
You feel less invigorated.
The red devil hits you with a +0 trident!
* * * LOW HITPOINT WARNING * * *
Barbed spikes become lodged in your body.
Your river rat dies!
You feel better.
Your ice devil closely misses the red devil.
The red devil hits you with a +0 trident!
* * * LOW HITPOINT WARNING * * *
Barbed spikes become lodged in your body.
You feel better.
Your ice devil barely misses the red devil.
The red devil hits you with a +0 trident!
You die...

######### ### ############
#......>.
..########..........#####........
..#...........44@○.....##........
..#8.......)[..).8.###..######..#
..#######'')######..###...## #..#
..##.............##....##..###...
..##....#####....#####.###.......
.###.###.[...###.# #.# #####.##
...#.#8#..8..#8#.# #.# #.## .###
............# #.# ##... ..#
...._[....8# #.### ##...#


You could see a red devil (summoned, mesmerising, ally target) and a friendly
ice devil (summoned).

Vanquished Creatures
  Menkaure (D:5)
  Pargi (D:4)
  An ogre (D:5)
  2 water moccasin zombies (D:5)
  A centaur zombie (D:5)
  2 hounds
  2 orc priests
  An iguana (D:5)
  Jessica (D:3)
  Ijyb (D:5)
  A hound zombie (D:5)
  A howler monkey zombie (D:5)
  Robin (D:2)
  4 adders
  10 gnolls (D:5)
  A white imp (D:5)
  4 worms
  5 dart slugs
  14 orcs
  7 ball pythons
  3 bats
  3 endoplasms
  4 giant cockroaches
  15 hobgoblins
  8 jackals
  8 kobolds
  A quokka (D:2)
  3 frilled lizards
  24 goblins
  6 rats
136 creatures vanquished.

Vanquished Creatures (collateral kills)
  The ghost of GigaChad the Chopper, a novice FoFi of Gozag (D:5)
  A phantom (D:5)
  An orc priest (D:5)
  A scorpion zombie (D:5)
  An adder (D:4)
  A kobold (D:4)
6 creatures vanquished.

Grand Total: 142 creatures vanquished

Notes
Turn   | Place    | Note
-------+----------+-------------------------------------------
     0 | D:1      | gelatine the Demonspawn Fighter began the quest for the
                  | Orb.
     0 | D:1      | Reached XP level 1. HP: 18/18 MP: 1/1
    27 | D:1      | Found Vuawy's Weapon Boutique.
   125 | D:1      | Gained mutation: You have a somewhat thin skeletal
                  | structure. (Dex +2, Stealth+) [demonic ancestry]
   125 | D:1      | Reached XP level 2. HP: 24/24 MP: 2/2
   133 | D:1      | Noticed a shining eye
   135 | D:1      | Found a faded altar of an unknown god.
   136 | D:1      | Noticed a floating eye
   136 | D:1      | Noticed an eye of devastation
   136 | D:1      | Noticed an eye of devastation
   378 | D:1      | Reached skill level 2 in Axes
   564 | D:1      | Gained mutation: You have sharp fingernails. [demonic
                  | ancestry]
   564 | D:1      | Reached XP level 3. HP: 29/29 MP: 3/3
   744 | D:2      | Noticed Robin
   761 | D:2      | Killed Robin
   763 | D:2      | Reached XP level 4. HP: 20/35 MP: 4/4
  1322 | D:3      | Found the +2 ratskin cloak {*Rats rPois rN+ Str-1 Int-1
                  | Dex+1}
  1454 | D:3      | Noticed Jessica
  1460 | D:3      | Killed Jessica
  1461 | D:3      | Reached skill level 1 in Stealth
  1461 | D:3      | Reached XP level 5. HP: 41/41 MP: 6/6
  2430 | D:4      | Reached skill level 3 in Axes
  2430 | D:4      | Reached skill level 1 in Dodging
  2430 | D:4      | Reached skill level 1 in Spellcasting
  2533 | D:4      | Noticed Pargi
  2547 | D:4      | Killed Pargi
  2548 | D:4      | Gained mutation: Your demonic aura sometimes causes spilled
                  | blood to erupt in flames. [demonic ancestry]
  2548 | D:4      | Reached XP level 6. HP: 42/48 MP: 7/7
  2849 | D:4      | Found an iron altar of Okawaru.
  2912 | D:5      | Entered Level 5 of the Dungeon
  2928 | D:5      | Reached skill level 1 in Throwing
  2991 | D:5      | Found a basalt altar of Yredelemnul.
  3015 | D:5      | Reached skill level 4 in Axes
  3015 | D:5      | Reached XP level 7. HP: 42/54 MP: 9/9
  3110 | D:5      | Noticed Ijyb
  3126 | D:5      | Killed Ijyb
  3502 | D:5      | Noticed Menkaure
  3511 | D:5      | Killed Menkaure
  3512 | D:5      | Reached XP level 8. HP: 61/61 MP: 11/11
  3534 | D:5      | Learned a level 2 spell: Blink
  3948 | D:5      | Found a runed translucent gate.
  3949 | D:5      | Found a runed translucent gate.
  3949 | D:5      | Noticed GigaChad's ghost (novice FoFi)
  3950 | D:5      | Found a runed translucent gate.
  3950 | D:5      | Identified the +6 whip of Hikkue Etaed {freeze, *Slow Dex+5
                  | SInv}
  4050 | D:5      | Found a sparkling altar of Nemelex Xobeh.
  4050 | D:5      | Found a transporter.
  4064 | D:5      | Found the +16 obsidian axe {drain, demonic, Mesm Drain Fly
                  | SInv}
  4161 | D:5      | Noticed a red devil
  4165 | D:5      | Killed GigaChad's ghost
  4166 | D:5      | Reached skill level 5 in Axes
  4166 | D:5      | Reached skill level 1 in Translocations
  4166 | D:5      | Reached skill level 1 in Evocations
  4171 | D:5      | HP: 2/61 [red devil/+0 trident[the player character] (10)]
  4172 | D:5      | Slain by a red devil

Illustrated notes

Levels and vault maps discovered:
D:1:      minmay_arrival_up_and_down, layout_loops_ring, serial_shops,
          nicolae_shop_bloodbath_and_beyond,
          hellmonk_ecumenical_altar_watching_god
D:2:      layout_rooms, uniq_robin
D:3:      layout_loops_corners, uniq_jessica
D:4:      layout_cave_pools, okawaru_altar_gauntlet_db, hangedman_glass_teeth,
          hangedman_decor_push, uniq_pargi
D:5:      layout_rooms, grunt_nemelex_the_gamble,
          nicolae_yredelemnul_corpse_copse, zin_treasury,
          biasface_ghost_orc_armoury, uniq_ijyb, uniq_menkaure

Skill      XL: |  1  2  3  4  5  6  7  8 |
---------------+-------------------------+-----
Armour         | 3 4 |  4.4
Axes           | 2 3 4 5 |  5.0
Shields        | 3 4 |  4.2
Stealth        | 1 2 |  2.6
Dodging        | 1 2 |  2.3
Spellcasting   | 1 2 |  2.6
Throwing       | 1 2 3 |  3.2
Fighting       | 4 |  4.6
Translocations | 1 |  1.0
Evocations     | 1 |  1.0

Action                     |  1- 3 |  4- 6 |  7- 9 || total
---------------------------+-------+-------+-------++-------
  Melee: Hand axe          |    72 |   179 |    53 ||   304
         Broad axe         |       |       |     9 ||     9
  Throw: Javelin           |       |    23 |    41 ||    64
         Boomerang         |       |       |     9 ||     9
   Cast: Blink             |       |       |     3 ||     3
    Use: Scroll            |       |    12 |       ||    12
         Potion            |       |       |     8 ||     8
   Stab: Sleeping          |       |     2 |     2 ||     4
 Armour: Scale mail        |    33 |     1 |       ||    34
         Leather armour    |       |    14 |       ||    14
         Ring mail         |       |    62 |     6 ||    68
         Robe              |       |       |    16 ||    16
  Dodge: Dodged            |    28 |    94 |    29 ||   151
  Block: Buckler           |    13 |    47 |    15 ||    75

Table legend: (Time is in decaauts)
 A = Elapsed time spent in this place.
 B = Non-inter-level travel time spent in this place.
 C = Inter-level travel time spent in this place.
 D = Time resting spent in this place.
 E = Time spent auto-exploring this place.
 F = Levels seen in this place.
 G = Mean time per level.
                   A        B        C        D        E       F      G
               +--------+--------+--------+--------+--------+-----+--------+
         Total |   4266 |   4135 |    131 |      0 |   2942 |   5 |  853.2 |
       Dungeon |   4266 |   4135 |    131 |      0 |   2942 |   5 |  853.2 |
               +--------+--------+--------+--------+--------+-----+--------+

Top non-repeatable levels by time:
     D:5: 1298 daAuts
     D:3: 952 daAuts
     D:1: 721 daAuts
     D:4: 662 daAuts
     D:2: 632 daAuts
